 Dungeon Crawl Stone Soup version 0.31-a0-981-geadf994542 (webtiles) character file.

Game seed: 18291957188281974083

2518 strifetoe the Insei (level 9, 0/56 HPs)
             Began as a Djinni Shapeshifter on Nov 2, 2023.
             Was a Believer of Hepliaklqana.
             Slain by a wight
             ... wielding a +4 halberd of freezing
              (4 damage)
             ... on level 8 of the Dungeon.
             The game lasted 00:17:22 (6395 turns).

strifetoe the Insei (Djinni Shapeshifter)           Turns: 6395, Time: 00:17:26

Health: 0/56       AC: 11    Str: 15    XL:     9   Next: 83%
Gold:   368        EV:  1    Int: 11    God:    Hepliaklqana [**....] SH: 11 Dex: 16

rFire   + +          .
                       - Unarmed
rCold   x . .        E - +0 tower shield
rNeg    . . .        F - +0 plate armour
rPois   ∞            (helmet currently unavailable)
rElec   .            (cloak currently unavailable)
rCorr   .            (gloves currently unavailable)
SInv    .            (boots unavailable)
Will    .....        g - amulet of regeneration Stlth
                     (no ring)
HPRegen 1.09/turn    (no ring)
MPRegen 0.00/turn

%: infuse magic (-1 HP)
@: beast-form, flying
A: beast (slay +3), flying, reduced essence, sickness immunity, fire resistance
2, cold vulnerability 1, float, innate caster, HP casting, extra vitality 1
a: Begin Untransformation, Renounce Religion, Ancestor Life: Knight, Ancestor
Life: Battlemage, Ancestor Life: Hexer, Recall Ancestor, Ancestor Identity


You were on level 8 of the Dungeon.
You worshipped Hepliaklqana.
Hepliaklqana was pleased with you.
You were a hulking beast.
You visited 2 branches of the dungeon, and saw 9 of its levels.
You also visited: Sewer.

You collected 368 gold pieces.

Inventory:

Hand Weapons
 s - a +3 quarterstaff of chaos
Missiles
 p - 2 curare-tipped darts
 r - 3 poisoned darts
Armour
 o - a +0 chain mail
 t - a +0 cloak
 v - a +0 ring mail of fire resistance
 E - a +0 tower shield (worn)
 F - a +0 plate armour (worn)
Jewellery
 g - an amulet of regeneration (around neck)
 x - an amulet of faith
Talismans
 c - a beast talisman
 d - a flux talisman
 B - a maw talisman
Wands
 f - a wand of roots (20)
 q - a wand of polymorph (15)
Scrolls
 e - 2 scrolls of blinking
 i - 2 scrolls of enchant weapon
 j - 3 scrolls of poison
 l - 2 scrolls of fear
 m - 7 scrolls of identify
 A - a scroll of teleportation
 D - a scroll of immolation
Potions
 a - a potion of heal wounds
 b - 2 potions of magic
 h - a potion of attraction
 k - 3 potions of lignification
 n - a potion of resistance
 u - 2 potions of curing {unknown}
 w - a potion of enlightenment {unknown}
 z - a potion of degeneration {unknown}
 C - a potion of ambrosia {unknown}


   Skills:
 - Level 4.3 Fighting
 + Level 2.7 Armour
 - Level 5.1 Dodging
 - Level 2.1 Stealth
 - Level 7.0 Unarmed Combat
 - Level 2.0 Spellcasting
 - Level 2.0 Conjurations
 - Level 2.0 Hexes
 - Level 2.0 Summonings
 - Level 2.0 Necromancy
 - Level 2.0 Translocations
 - Level 2.0 Transmutations
 - Level 2.0 Fire Magic
 - Level 2.0 Ice Magic
 - Level 2.0 Air Magic
 - Level 2.0 Earth Magic
 - Level 2.0 Poison Magic
 + Level 6.8 Shapeshifting


You knew the following spells:

 Your Spells              Type           Power      Damage    Failure   Level
a - Magic Dart            Conj           20%        1d4       100%        1
b - Passwall              Tmut/Erth      4%         N/A       100%        2
c - Scorch                Fire           10%        2d5       100%        2
d - Vhi's Electric Charg  Tloc/Air       10%        N/A       100%        4
Your spell library was empty.


Dungeon Overview and Level Annotations

Branches:
Dungeon (8/15)             Temple (1/1) D:4           Sewer (visited)
   Lair: D:8-11

Altars:
Ashenzari
Cheibriados
Gozag
Hepliaklqana
Nemelex Xobeh
Ru
Trog
Uskayaw
Wu Jian
Xom
Zin
The Shining One

Shops:
D:1 *   D:5 :


Innate Abilities, Weirdness & Mutations

You are a hulking beast.
Your limbs bulge with bestial killing power. (Slay +3)
You are flying.
Your life essence is reduced to manifest your ancestor. (-10% HP)
You are immune to sickness and miasma.
You are immune to poison.
Your flesh is very heat resistant. (rF++)
You are vulnerable to cold. (rC-)
You float through the air rather than walking.
You learn spells naturally, not from books.
Your magical power is your life essence.
You have superior vitality. (+4 MHP)


Message History

You barely miss the wight.
The wight barely misses MATTDAMON.
The wight misses MATTDAMON.
MATTDAMON hits the wight.
Unknown command.
You closely miss the wight.
The wight closely misses MATTDAMON. x2
MATTDAMON hits the wight.
The wight is destroyed!
You block the wight's attack.
MATTDAMON hits the wight but does no damage.
You hit the wight.
The wight is lightly damaged.
The wight hits you from afar with a +4 spear.
The wight hits MATTDAMON with a +4 halberd of freezing!
The wight freezes MATTDAMON.
MATTDAMON is destroyed!
You hit the wight.
The wight is moderately damaged.
The wight hits you from afar with a +4 spear.
The wight hits you with a +4 halberd of freezing!
The wight freezes you. The wight hits you but does no damage.
You block the wight's attack.
You hit the wight.
The wight is heavily damaged.
You block the wight's attack. x2
You barely miss the wight.
The wight is heavily damaged.
You block the wight's attack.
You punch the wight!
The wight is severely damaged.
The wight hits you from afar with a +4 spear!
The wight hits you with a +4 halberd of freezing.
The wight freezes you.
The wight hits you with a +4 hand axe of freezing!
* * * LOW HITPOINT WARNING * * *
The wight freezes you.
* * * LOW HITPOINT WARNING * * *
You block the wight's attack.
The wight hits you with a +4 halberd of freezing!
* * * LOW HITPOINT WARNING * * *
The wight freezes you.
You die...

~~~ .# ...
.# #.# ..
#.# .
#.#=#
######.#z#
#.....z..#
####z#####
#..)zh)..#
########.#
#.# #.#
#.# #<#
###


You could see 3 wights.

Vanquished Creatures
  Sigmund (D:3)
  An ice beast (D:5)
  A sky beast (D:6)
  3 ogres
  A phantom (D:5)
  2 kobold brigands (Sewer)
  2 bullfrogs
  3 scorpions
  4 wights
  A howler monkey (D:5)
  2 jellies
  2 hounds (D:5)
  5 orc priests
  Crazy Yiuf (D:4)
  A gnoll bouda (D:5)
  Ijyb (D:4)
  2 iguanas
  2 orc wizards (D:5)
  9 gnolls
  11 adders
  5 river rats (Sewer)
  2 white imps (D:7)
  4 worms
  3 dart slugs
  18 orcs
  7 ball pythons
  3 endoplasms
  6 giant cockroaches
  4 goblins
  8 hobgoblins
  5 jackals
  2 quokkas
  5 bats
  6 frilled lizards
  14 kobolds
  15 rats
162 creatures vanquished.

Vanquished Creatures (collateral kills)
  A kobold brigand (D:7)
  A gnoll sergeant (D:6)
  3 wights
  A hound (D:6)
  A gnoll (D:6)
  4 kobolds (D:7)
11 creatures vanquished.

Vanquished Creatures (others)
  2 ancestors
2 creatures vanquished.

Grand Total: 175 creatures vanquished

Notes
Turn   | Place    | Note
-------+----------+-------------------------------------------
     0 | D:1      | strifetoe the Djinni Shapeshifter began the quest for the
                  | Orb.
     0 | D:1      | Reached XP level 1. HP: 17/17 MP: 0/0
    15 | D:1      | Found Uxauwu Ysor's General Store.
    91 | D:1      | Reached XP level 2. HP: 20/22 MP: 0/0
   180 | D:1      | You are sucked into a shaft and drop 1 floor!
   300 | D:1      | Reached skill level 4 in Unarmed Combat
   300 | D:1      | Reached XP level 3. HP: 23/27 MP: 0/0
   300 | D:1      | Learned a level 1 spell: Magic Dart
   775 | D:2      | Reached XP level 4. HP: 31/32 MP: 0/0
   890 | D:2      | Found a glowing golden altar of the Shining One.
  1073 | D:2      | Reached skill level 5 in Unarmed Combat
  1228 | D:3      | Reached XP level 5. HP: 14/37 MP: 0/0
  1228 | D:3      | Learned a level 2 spell: Passwall
  1795 | D:4      | Noticed Ijyb
  1813 | D:4      | Noticed Sigmund
  1816 | D:4      | Killed Ijyb
  1817 | D:4      | Reached XP level 6. HP: 26/43 MP: 0/0
  1955 | D:4      | Reached skill level 1 in Spellcasting
  1955 | D:4      | Reached skill level 1 in Conjurations
  1955 | D:4      | Reached skill level 1 in Hexes
  1955 | D:4      | Reached skill level 1 in Summonings
  1955 | D:4      | Reached skill level 1 in Necromancy
  1955 | D:4      | Reached skill level 1 in Translocations
  1955 | D:4      | Reached skill level 1 in Transmutations
  1955 | D:4      | Reached skill level 1 in Fire Magic
  1955 | D:4      | Reached skill level 1 in Ice Magic
  1955 | D:4      | Reached skill level 1 in Air Magic
  1955 | D:4      | Reached skill level 1 in Earth Magic
  1955 | D:4      | Reached skill level 1 in Poison Magic
  2244 | D:4      | Found a glowing drain.
  2264 | Sewer    | Entered a sewer
  2493 | Sewer    | Reached XP level 7. HP: 49/49 MP: 0/0
  2493 | Sewer    | Learned a level 2 spell: Scorch
  2802 | D:4      | Found a staircase to the Ecumenical Temple.
  2831 | Temple   | Entered the Ecumenical Temple
  2893 | Temple   | Became a worshipper of Hepliaklqana the Forgotten
  3148 | D:4      | Found a runed translucent door.
  3149 | D:4      | Noticed Crazy Yiuf
  3293 | D:4      | Killed Crazy Yiuf
  3401 | D:3      | Killed Sigmund
  3402 | D:3      | Reached skill level 5 in Dodging
  3424 | D:5      | Entered Level 5 of the Dungeon
  3526 | D:5      | Reached XP level 8. HP: 55/55 MP: 0/0
  3550 | D:5      | Reached skill level 5 in Shapeshifting
  3761 | D:5      | Reached skill level 6 in Unarmed Combat
  3899 | D:5      | Reached skill level 7 in Unarmed Combat
  4222 | D:5      | Found Daocreep's Book Boutique.
  4364 | D:5      | Reached * piety under Hepliaklqana
  4399 | D:5      | Reached XP level 9. HP: 50/53 MP: 0/0
  4399 | D:5      | Learned a level 4 spell: Vhi's Electric Charge
  5200 | D:6      | Identified the +0 robe of the Eleven Xenophobes {Dex+4}
  5647 | D:7      | Reached skill level 1 in Armour
  5668 | D:7      | Reached skill level 1 in Stealth
  5800 | D:7      | Reached ** piety under Hepliaklqana
  6395 | D:8      | Slain by a wight

Illustrated notes

Levels and vault maps discovered:
D:1:      mrwooster_arrival_arrow, layout_rooms, serial_shops, shop,
          kennysheep_decorative_pillar
D:2:      layout_rooms, basic_altar, corexii_shack
D:3:      layout_rooms, amcnicky_mini_pool_small
D:4:      layout_loops_ring, minmay_temple_entry_crystal_x,
          portal_sewer_entry_c, nicolae_half_adder, uniq_crazy_yiuf_cottage,
          uniq_sigmund, uniq_ijyb
D:5:      layout_loops_corners, serial_shops, shop, minmay_between
D:6:      layout_loops_ring, hangedman_abyss_or_decor_jellyfish_corner
D:7:      layout_rooms
D:8:      layout_basic, enter_bailey_3, uniq_joseph
Temple:   nicolae_temple_figure_eight

Skill      XL: |  1  2  3  4  5  6  7  8  9 |
---------------+----------------------------+-----
Unarmed Combat | 4 5 7 |  7.0
Shapeshifting  | 3 4 5 6 |  6.8
Fighting       | 2 4 |  4.3
Dodging        | 3 5 |  5.1
Spellcasting   | 2 |  2.0
Conjurations   | 2 |  2.0
Hexes          | 2 |  2.0
Summonings     | 2 |  2.0
Necromancy     | 2 |  2.0
Translocations | 2 |  2.0
Transmutations | 2 |  2.0
Fire Magic     | 2 |  2.0
Ice Magic      | 2 |  2.0
Air Magic      | 2 |  2.0
Earth Magic    | 2 |  2.0
Poison Magic   | 2 |  2.0
Armour         | 2 |  2.7
Stealth        | 2 |  2.1

Action                     |  1- 3 |  4- 6 |  7- 9 || total
---------------------------+-------+-------+-------++-------
  Melee: Unarmed           |   104 |   238 |   305 ||   647
         Punch             |     1 |     5 |     6 ||    12
 Invoke: Ancestor Identity |       |       |     1 ||     1
    Use: Potion            |       |     5 |       ||     5
         Scroll            |       |     8 |     3 ||    11
 Armour: Animal skin       |    42 |       |       ||    42
         Ring mail         |    22 |    12 |       ||    34
         Skin              |       |    75 |       ||    75
         Chain mail        |       |   159 |   218 ||   377
         Plate armour      |       |       |    16 ||    16
  Dodge: Dodged            |    69 |   102 |    85 ||   256
  Block: Tower shield      |       |       |    16 ||    16

Table legend: (Time is in decaauts)
 A = Elapsed time spent in this place.
 B = Non-inter-level travel time spent in this place.
 C = Inter-level travel time spent in this place.
 D = Time resting spent in this place.
 E = Time spent auto-exploring this place.
 F = Levels seen in this place.
 G = Mean time per level.
                   A        B        C        D        E       F      G
               +--------+--------+--------+--------+--------+-----+--------+
         Total |   6319 |   5710 |    609 |    389 |   3271 |  10 |  631.9 |
       Dungeon |   5737 |   5167 |    570 |    360 |   3154 |   8 |  717.1 |
        Temple |    101 |     62 |     39 |      0 |      0 |   1 |  101.0 |
         Sewer |    480 |    480 |      0 |     29 |    117 |   1 |  480.0 |
               +--------+--------+--------+--------+--------+-----+--------+

Top non-repeatable levels by time:
     D:5: 1322 daAuts
     D:4: 1106 daAuts
     D:6: 797 daAuts
     D:2: 624 daAuts
     D:7: 617 daAuts
     D:3: 601 daAuts
     D:1: 581 daAuts
   Sewer: 480 daAuts
  Temple: 101 daAuts
     D:8: 86 daAuts
